 Dungeon Crawl Stone Soup version 0.28-a0-773-g130ae17fe5 (webtiles) character file.

Game seed: 14340095713234424216

266 ytrimaz the Cutter (level 6, -3/66 HPs)
             Began as a Demonspawn Gladiator on Nov 1, 2021.
             Slain by an orc (13 damage)
             ... on level 4 of the Dungeon.
             The game lasted 00:05:29 (5072 turns).

ytrimaz the Cutter (Demonspawn Gladiator)           Turns: 5072, Time: 00:05:29

Health: -3/66      AC: 23    Str: 14    XL:     6   Next: 0%
Magic:  8/8        EV:  2    Int: 14    God:
Gold:   159        SH:  0    Dex: 14    Spells: 8/8 levels left

rFire   . . .      SeeInvis .   f - +2 dagger (venom)
rCold   . . .      Faith    .   (no shield)
rNeg    . . .      Spirit   .   (armour currently unavailable)
rPois   +          Reflect  .   (helmet currently unavailable)
rElec   .          Harm     .   (cloak currently unavailable)
rCorr   .          Rampage  .   (gloves currently unavailable)
Will    .....      NoTele   +   (boots currently unavailable)
Stlth   ++........              (no amulet)
HPRegen 0.21/turn               (no ring)
MPRegen 0.11/turn               (no ring)

@: tree-form
A: stationary, stasis, torment immunity, boosted hp, (antennae 1), demonic
guardian 1, big brain 1
a: no special abilities


You were on level 4 of the Dungeon.
You were a tree.
You visited 2 branches of the dungeon, and saw 5 of its levels.

You collected 159 gold pieces.

Inventory:

Hand Weapons
 a - a +0 rapier of freezing
 f - a +2 dagger of venom (weapon)
 k - a +2 short sword of protection
Missiles
 d - 3 throwing nets (quivered)
Armour
 b - a +0 leather armour (melded)
 c - a +0 helmet
Jewellery
 j - a +4 ring of evasion
 p - a ring of protection from fire
Scrolls
 m - a scroll of holy word
 o - a scroll of fog
 s - a scroll of identify
 t - a scroll of enchant armour {unknown}
Potions
 e - a potion of cancellation {unknown}
 h - a potion of attraction {unknown}
 i - a potion of flight {unknown}
 l - a potion of degeneration {unknown}
 n - a potion of brilliance {unknown}
 q - a potion of heal wounds {unknown}
 r - a potion of experience {unknown}


   Skills:
 - Level 2.1 Fighting
 + Level 4.3 Short Blades
 - Level 1.7 Throwing
 - Level 0.4 Armour
 + Level 3.6 Dodging
 * Level 2.2 Stealth
 * Level 1.9 Spellcasting


You had 8 spell levels left.
You didn't know any spells.
Your spell library contained the following spells:

 Spells                   Type           Power      Damage    Failure   Level
 Sandblast                Erth           2%         2d4       24%         1
 Summon Small Mammal      Summ           4%         N/A       24%         1
 Passwall                 Tmut/Erth      0%         N/A       36%         2
 Call Canine Familiar     Summ           1%         N/A       58%         3
 Stone Arrow              Conj/Erth      2%         3d7       58%         3
 Summon Guardian Golem    Hex/Summ       1%         N/A       58%         3
 Orb of Destruction       Conj           0%         N/A       100%        7
 Spellforged Servitor     Conj/Summ      0%         N/A       100%        7


Dungeon Overview and Level Annotations

Branches:
Dungeon (4/15)             Temple (1/1) D:4

Altars:
Ashenzari
Cheibriados
Dithmenos
Elyvilon
Fedhas
Gozag
Hepliaklqana
Makhleb
Nemelex Xobeh
Qazlal
Sif Muna
Trog
Uskayaw
Vehumet
Wu Jian
Xom
Yredelemnul
The Shining One

Shops:
D:4 :


Innate Abilities, Weirdness & Mutations

You are a tree.
Your roots penetrate the ground, keeping you stationary.
You cannot be teleported.
You are immune to unholy pain and torment.
Your maximum health is greatly increased.
Your equipment is partially melded.
((You have a pair of small antennae on your head.))
A weak demonic guardian rushes to your aid.
You have an unusually large brain. (Int +2)


Message History

The orc is moderately wounded.
A goblin comes into view. It is wielding a +0 dagger.
You hit the orc.
The orc looks as sick as possible!
The orc is moderately wounded.
The orc hits you with a +0 club. The orc closely misses you.
Your leather armour prevents you from hitting the orc.
The orc is heavily wounded.
Unknown command.
You hit the orc.
The orc is poisoned.
The orc is lightly wounded.
You kill the orc!
The orc hits you with a +0 hand axe.
You closely miss the orc. The orc hits you with a +0 hand axe.
The orc hits you with a +0 flail. The orc hits you but does no damage.
You are electrocuted!
A demonic guardian appears!
Unknown command.
The orc hits you with a +0 dagger.
* * * LOW HITPOINT WARNING * * *
The orc hits you with a +0 hand axe of electrocution.
* * * LOW HITPOINT WARNING * * *
Unknown command.
Your white imp hits the goblin.
Your white imp freezes the goblin.
The goblin dies!
You have reached level 6!
Your experience leads to an increase in your attributes!
Increase (S)trength, (I)ntelligence, or (D)exterity?
You feel clever.
Your demonic ancestry asserts itself...
A pair of antennae grows on your head!
Your +0 helmet falls away!
Press: ? - help, v - describe, . - travel
Here: an orc, wielding a +0 hand axe of electrocution (ally target)
The floor.
Really quaff the potion of lignification?
You turn into a tree.
Your +0 leather armour melds into your body.
Your roots penetrate the ground.
The orc looks more healthy.
The orc hits you but does no damage. Something hits your white imp.
The orc hits you but does no damage.
You are electrocuted!
You die...

...........# .....#.#
......<..... ###.......#
...#.....# #.#........#
#..#.....# .#.. .....#
#........#. ..###....#
)).........###.#..5o.##
>#.....###.#...#o.....#
###....#...#...oo###)..#
....^..#.....###♣# .....
.........###.#...# #...
.....###.#...#.... ..
.....#...#......... .
.....#.....#........
...[...[.###......###
.........#.....##..
...∩.........##....
.#................


You could see 3 orcs and a friendly white imp (summoned).

Vanquished Creatures
  A scorpion (D:4)
  An orc wizard (D:4)
  7 adders
  An adder skeleton (D:4)
  2 worms
  11 dart slugs
  6 orcs (D:4)
  8 ball pythons
  6 endoplasms
  2 giant cockroaches
  7 hobgoblins
  3 jackals (D:3)
  A quokka (D:1)
  5 bats
  A frilled lizard (D:1)
  5 goblins
  8 kobolds
75 creatures vanquished.

Vanquished Creatures (collateral kills)
  An orc (D:4)
  A goblin (D:4)
2 creatures vanquished.

Grand Total: 77 creatures vanquished

Notes
Turn   | Place    | Note
-------+----------+-------------------------------------------
     0 | D:1      | ytrimaz the Demonspawn Gladiator began the quest for the
                  | Orb.
     0 | D:1      | Reached XP level 1. HP: 16/16 MP: 1/1
   394 | D:1      | Gained mutation: You have an unusually large brain. (Int
                  | +2) [demonic ancestry]
   394 | D:1      | Reached XP level 2. HP: 13/22 MP: 2/2
   896 | D:1      | Reached skill level 3 in Short Blades
  1423 | D:1      | Found a faded altar of an unknown god.
  1790 | D:2      | Reached XP level 3. HP: 20/27 MP: 3/3
  2924 | D:3      | Reached skill level 1 in Stealth
  2989 | D:3      | Reached skill level 1 in Spellcasting
  2995 | D:3      | Gained mutation: A weak demonic guardian rushes to your
                  | aid. [demonic ancestry]
  2995 | D:3      | Reached XP level 4. HP: 19/33 MP: 5/5
  4071 | D:3      | Reached XP level 5. HP: 36/38 MP: 7/7
  4118 | D:4      | Found a shimmering blue altar of Sif Muna.
  4122 | D:4      | Found Jezxocapt's Book Boutique.
  4133 | D:4      | Found a staircase to the Ecumenical Temple.
  4170 | Temple   | Entered the Ecumenical Temple
  4461 | D:4      | Reached skill level 4 in Short Blades
  5072 | D:4      | Gained mutation: You have a pair of small antennae on your
                  | head. [demonic ancestry]
  5072 | D:4      | Reached XP level 6. HP: 6/44 MP: 8/8
  5072 | D:4      | Slain by an orc

Illustrated notes

Levels and vault maps discovered:
D:1:      dpeg_arrival_tiny_j, layout_basic,
          shapermc_ecumenical_altar_mp_vishouse
D:2:      layout_basic, minmay_misc_feat_iff
D:3:      kennysheep_slugbush, layout_basic, grunt_ministairs_7,
          hangedman_decor_clover_reticule
D:4:      minmay_goblin_kobold_castle, layout_cave_pools,
          general_overflow_altar, mainiacjoe_overflow_cross_hatched,
          gammafunk_temple_overflow_statue, serial_shops, shop,
          grunt_ministairs_9, hangedman_decor_points
Temple:   regret_index_temple_sphere_string

Skill      XL: |  1  2  3  4  5 |
---------------+----------------+-----
Dodging        | 3 |  3.6
Short Blades   | 3 4 |  4.3
Stealth        | 1 2 |  2.2
Spellcasting   | 1 |  1.9
Fighting       | |  2.1
Throwing       | |  1.7
Armour         | |  0.4

Action                   |  1- 3 |  4- 6 || total
-------------------------+-------+-------++-------
Melee: Rapier            |    18 |       ||    18
       Dagger            |   111 |   107 ||   218
  Use: Scroll            |     3 |     3 ||     6
       Potion            |       |     2 ||     2
 Stab: Distracted        |       |     1 ||     1
Armor: Leather armour    |    36 |    21 ||    57
       Skin              |       |    22 ||    22
Dodge: Dodged            |    75 |    59 ||   134

Table legend: (Time is in decaauts)
 A = Elapsed time spent in this place.
 B = Non-inter-level travel time spent in this place.
 C = Inter-level travel time spent in this place.
 D = Time resting spent in this place.
 E = Time spent auto-exploring this place.
 F = Levels seen in this place.
 G = Mean time per level.
                   A        B        C        D        E       F      G
               +--------+--------+--------+--------+--------+-----+--------+
         Total |   5044 |   5029 |     15 |   1555 |   2713 |   5 | 1008.8 |
       Dungeon |   4764 |   4749 |     15 |   1463 |   2592 |   4 | 1191.0 |
        Temple |    279 |    279 |      0 |     92 |    121 |   1 |  279.0 |
               +--------+--------+--------+--------+--------+-----+--------+

Top non-repeatable levels by time:
     D:1: 1614 daAuts
     D:2: 1257 daAuts
     D:3: 1216 daAuts
     D:4: 675 daAuts
  Temple: 279 daAuts
